Map: Romanticide LE

Players

Cham

  • Race: Zerg Zerg

SpeCial - Winner!

  • Race: Terran Terran

Event: DreamHack SC2 Masters 2021 Winter

VOD

Have the link to the VOD?

Description

Time

  • Played on: Oct. 1, 2021, 4:01 p.m.
  • Length: 5:43

All games in this series

Show
View Real Time Build Order
Export as new Build Order

Cham Zerg 

Build Orders: Hatch First, Roach Nydus 

Get SALT Encoding   

  12  0:00  Drone  
  13  0:09  Drone  
  14  0:17  Overlord  
  14  0:36  Drone x2  
  16  0:47  Hatchery  
  15  0:51  Drone  
  15  0:57  Drone  
  17  1:00  Drone  
  18  1:12  Spawning Pool  
  18  1:14  Extractor  
  18  1:16  Drone  
  17  1:20  Drone  
  18  1:31  Drone  
  19  1:41  Drone  
  20  1:51  Drone  
  21  1:59  Queen x2  
  21  2:00  Zergling x2  
  26  2:03  Zergling x2  
  27  2:17  Hatchery  
  27  2:19  Drone x2  
  28  2:27  Overlord  
  27  2:40  Lair  
  27  2:45  Extractor  
  27  2:51  Drone x2  
  28  2:54  Drone x2  
  28  2:55  Drone x2  
  32  3:04  Drone  
  33  3:08  Roach Warren  
  32  3:13  Drone x3  
  32  3:17  Overlord  
  35  3:28  Queen  
  35  3:30  Extractor  
  35  3:31  Extractor  
  37  3:40  Nydus Network  
  36  3:46  Overlord  
  36  3:49  Roach x3  
  36  3:54  Roach  
  44  3:58  Roach x2  
  48  4:06  Roach x2  
  51  4:17  Nydus Canal  
  51  4:21  Roach  
  50  4:27  Roach x2  
  48  4:41  Overseer  
  46  5:03  Roach  
  46  5:05  Roach  
  38  5:07  Roach  
  38  5:11  Roach  
  37  5:21  Drone  
  37  5:22  Drone  
  37  5:25  Drone  
Show
View Real Time Build Order
Export as new Build Order

SpeCial Terran - Winner!

Build Orders: Reaper Expand, Banshee Rush 

Get SALT Encoding   

  12  0:00  SCV  
  13  0:12  SCV  
  14  0:17  Supply Depot  
  14  0:24  SCV  
  15  0:39  SCV  
  15  0:40  Barracks  
  16  0:44  Refinery  
  16  0:51  SCV  
  17  1:03  SCV  
  18  1:15  SCV  
  19  1:28  Reaper, Orbital Command  
  20  1:38  Command Center  
  20  1:53  Supply Depot  
  20  1:54  SCV  
  21  2:00  Marine  
  22  2:05  Factory  
  22  2:06  SCV  
  23  2:14  Refinery  
  23  2:18  SCV  
  24  2:23  Barracks Reactor  
  24  2:30  SCV  
  25  2:42  SCV  
  26  2:53  Orbital Command  
  26  2:54  SCV  
  26  2:58  Starport  
  26  3:03  Hellion  
  26  3:04  Hellion  
  30  3:07  SCV  
  30  3:08  Supply Depot  
  31  3:17  Barracks Tech Lab  
  31  3:18  SCV  
  31  3:19  SCV  
  33  3:25  Hellion x2  
  37  3:30  SCV  
  37  3:31  SCV  
  39  3:40  Cloaking Field  
  39  3:41  Banshee  
  39  3:42  SCV  
  39  3:43  SCV  
  39  3:46  Supply Depot  
  44  3:55  SCV, Factory Tech Lab, Marine x2  
  46  3:57  SCV  
  48  4:05  Command Center  
  48  4:07  SCV  
  49  4:10  Supply Depot  
  49  4:11  Bunker  
  49  4:13  Siege Tank, Marine x2  
  54  4:20  Bunker  
  52  4:26  Banshee  
  52  4:30  SCV x2  
  52  4:31  Marine x2  
  53  4:42  SCV  
  54  4:48  Marine  
  54  4:49  Marine  
  40  5:04  SCV  
  40  5:06  Marine x2  
  39  5:08  SCV  
  37  5:20  SCV  
  38  5:24  SCV, Marine x2  

Tags
 
Add a new tag
Caveats
  • Supply blocks, unpowered buildings, or Contaminate may cause inaccurate times.
  • Supply counts are checked every 10 seconds.